 Dungeon Crawl Stone Soup version 0.31-a0-1522-g43313d8a59 (webtiles) character file.

Game seed: 2766808320379463600

41 pokeman the Magician (level 3, 0/20 HPs)
             Began as a Deep Elf Hedge Wizard on Dec 31, 2023.
             Succumbed to Sigmund's poison
             ... on level 2 of the Dungeon.
             The game lasted 00:01:54 (1432 turns).

pokeman the Magician (Deep Elf Hedge Wizard)        Turns: 1432, Time: 00:01:55

Health: 0/20       AC:  2    Str:  7    XL:     3   Next: 32%
Magic:  11/11      EV: 12    Int: 20    God:
Gold:   34         SH:  0    Dex: 14    Spells: 4/12 levels left

rFire   . . .        a - +0 dagger
rCold   . . .        (no shield)
rNeg    . . .        b - +0 robe
rPois   .            c - +0 hat
rElec   .            (no cloak)
rCorr   .            (no gloves)
SInv    .            (no boots)
Will    .....        f - amulet of magic regeneration
Stlth   ++           (no ring)
HPRegen 0.23/turn    (no ring)
MPRegen 0.52/turn

%: no passive effects
@: lethally poisoned (0 -> -14)
A: no striking features
a: no special abilities


You were on level 2 of the Dungeon.
You visited 1 branch of the dungeon, and saw 2 of its levels.

You collected 34 gold pieces.

Inventory:

Hand Weapons
 a - a +0 dagger (weapon)
Armour
 b - a +0 robe (worn)
 c - a +0 hat (worn)
Jewellery
 f - an amulet of magic regeneration (around neck)
Wands
 i - a wand of roots (6)
Potions
 d - a potion of magic
 e - a potion of lignification {unknown}
 g - a potion of curing {unknown}
 h - a potion of berserk rage {unknown}
 j - a potion of attraction {unknown}


   Skills:
 + Level 0.8 Fighting
 + Level 0.9 Armour
 - Level 2.4 Dodging
 - Level 2.4 Stealth
 * Level 5.2 Spellcasting
 + Level 1.8 Conjurations
 - Level 1.1 Summonings
 - Level 1.1 Translocations


You had 4 spell levels left.
You knew the following spells:

 Your Spells              Type           Power      Damage    Failure   Level
a - Magic Dart            Conj           48%        1d5       5%          1
b - Mephitic Cloud        Conj/Alch/Air  7%         N/A       26%         3
c - Call Imp              Summ           18%        N/A       11%         2
d - Blink                 Tloc           18%        N/A       11%         2

Your spell library contained the following spells:

 Spells                   Type           Power      Damage    Failure   Level
 Slow                     Hex            20%        N/A       12%         1
 Cigotuvi's Dreadful Rot  Necr/Alch/Air  10%        N/A       17%         2


Dungeon Overview and Level Annotations

Branches:
Dungeon (2/15)

Altars:

Annotations:
D:2 Sigmund


Message History

Press: ? - help, Shift-Dir - straight line, f/p - Sigmund
Aim: Sigmund, wielding a +2 scythe of venom and wearing a +0 robe (lightly wounded, chance to affect: 86%)
The ball explodes into a vile cloud!
The stinking cloud engulfs Sigmund.
Sigmund is lightly wounded.
You hear a shout!
You hear an angry hiss.
Sigmund is engulfed in noxious fumes.
Sigmund appears confused.
Unknown command.
Unknown command.
You strike the helpless Sigmund from behind!
You puncture Sigmund!
Sigmund is moderately wounded.
Sigmund is engulfed in noxious fumes.
Sigmund appears confused.
Sigmund barely misses you.
Unknown command.
You completely miss Sigmund.
Sigmund is moderately wounded.
You hit Sigmund.
Sigmund is moderately wounded.
Sigmund is engulfed in noxious fumes.
Sigmund appears confused.
Casting: Mephitic Cloud (extremely dangerous; 26% risk of failure)
Confirm with . or Enter, or press ? or * to list all spells.
A tiny devil pulls itself out of the air.
Unknown command.
Sigmund is engulfed in noxious fumes.
Sigmund appears confused.
Your cerulean imp hits Sigmund but does no damage.
A goblin comes into view. It is wielding a +0 dagger.
Sigmund is engulfed in noxious fumes.
Sigmund appears confused.
Your cerulean imp hits Sigmund from afar with a -4 spear.
You hit Sigmund but do no damage.
Sigmund is heavily wounded.
Sigmund wonders, "What am I doing in here?"
Sigmund hits you with a +2 scythe of venom!
Ouch! That really hurt!
You are lethally poisoned!
Your cerulean imp hits Sigmund but does no damage.
A goblin comes into view. It is wielding a +0 club.
* * * LOW HITPOINT WARNING * * *
You feel very sick.
Your cerulean imp hits Sigmund from afar with a -4 spear.
Sigmund hits the bush but does no damage.
You die...

#.. #..♣♣.♣.+ .##
#..##.......##...
...........P..P# #
#.##..........g
..#.#.......♣....
..#<#...##○@P.P
....†..g.§..♣PP
#.......##5.P♣
##......##>@.♣
#......####.P♣
#......#####....
#.........# #.#.#
#.........# .....
#.........# .....
######.........########
#...##..♣.♣....#<..#
#.#.##..........##.#


You could see Sigmund (confused, ally target) and a friendly cerulean imp
(summoned).

Vanquished Creatures
  A dart slug (D:2)
  3 ball pythons (D:1)
  2 endoplasms (D:1)
  3 giant cockroaches (D:1)
  3 hobgoblins (D:1)
  4 jackals
  3 kobolds (D:1)
  2 quokkas (D:1)
  5 frilled lizards (D:1)
  5 goblins
  2 rats (D:1)
33 creatures vanquished.

Notes
Turn   | Place    | Note
-------+----------+-------------------------------------------
     0 | D:1      | pokeman the Deep Elf Hedge Wizard began the quest for the
                  | Orb.
     0 | D:1      | Reached XP level 1. HP: 10/10 MP: 7/7
   405 | D:1      | Reached XP level 2. HP: 16/16 MP: 4/9
   793 | D:1      | Reached skill level 5 in Spellcasting
   896 | D:1      | Reached XP level 3. HP: 20/20 MP: 7/11
   900 | D:1      | Learned a level 3 spell: Mephitic Cloud
   903 | D:1      | Learned a level 2 spell: Call Imp
   906 | D:1      | Learned a level 2 spell: Blink
  1414 | D:2      | Noticed Sigmund
  1432 | D:2      | Succumbed to Sigmund's poison

Illustrated notes

Levels and vault maps discovered:
D:1:      minmay_arrival_diagonal_passages, layout_loops_ring,
          minmay_misc_feat_tower, minmay_misc_feat_rugged
D:2:      layout_basic, serial_forest, infiniplex_forest_zigzag_1,
          infiniplex_forest_lined_2, infiniplex_forest_clump_C,
          infiniplex_forest_clump_diagonal, infiniplex_forest_straight_2,
          infiniplex_forest_end_3, infiniplex_forest_lined_4_way,
          infiniplex_forest_clump_diagonal, infiniplex_forest_lined_2,
          uniq_sigmund

Skill      XL: |  1  2 |
---------------+-------+-----
Spellcasting   | 5 |  5.2
Fighting       | |  0.8
Armour         | |  0.9
Dodging        | |  2.4
Stealth        | |  2.4
Conjurations   | |  1.8
Summonings     | |  1.1
Translocations | |  1.1

Action                     || total
---------------------------++-------
  Melee: Dagger            ||    25
         Punch             ||     1
   Cast: Magic Dart        ||    81
         Mephitic Cloud    ||     1
         Call Imp          ||     1
   Stab: Confused          ||     1
 Armour: Robe              ||    13
  Dodge: Dodged            ||    22

Table legend: (Time is in decaauts)
 A = Elapsed time spent in this place.
 B = Non-inter-level travel time spent in this place.
 C = Inter-level travel time spent in this place.
 D = Time resting spent in this place.
 E = Time spent auto-exploring this place.
 F = Levels seen in this place.
 G = Mean time per level.
                   A        B        C        D        E       F      G
               +--------+--------+--------+--------+--------+-----+--------+
         Total |   1431 |   1407 |     24 |      2 |   1226 |   2 |  715.5 |
       Dungeon |   1431 |   1407 |     24 |      2 |   1226 |   2 |  715.5 |
               +--------+--------+--------+--------+--------+-----+--------+

Top non-repeatable levels by time:
     D:1: 1305 daAuts
     D:2: 126 daAuts
